 Dungeon Crawl Stone Soup version 0.23.0 (webtiles) character file.

Game seed: 2033577054730414196

30563 chequers the Hand of Fortune (level 13, 0/190 HPs)
             Began as a Troll Monk on Feb 15, 2019.
             Was the Champion of Nemelex Xobeh.
             Slain by a lindwurm (2 damage)
             ... on level 5 of the Lair of Beasts.
             The game lasted 00:21:09 (13502 turns).

chequers the Hand of Fortune (Troll Monk)          Turns: 13502, Time: 00:21:09

Health: 0/190      AC: 11    Str: 31    XL:     13   Next: 21%
Magic:  21/21      EV: 15    Int:  6    God:    Nemelex Xobeh [******]
Gold:   860        SH: 14    Dex: 12    Spells: 12/12 levels left

rFire    . . .     SeeInvis .     - Unarmed
rCold    . . .     Gourm    +   I - +2 shield {reflect}
rNeg     . . .     Faith    .   F - +0 troll leather armour
rPois    .         Spirit   .   (helmet restricted)
rElec    .         Reflect  +   (no cloak)
rCorr    .         Harm     .   (gloves unavailable)
MR       .....                  (boots unavailable)
Stlth    ..........             (no amulet)
HPRegen  1.21/turn              M - +3 ring of protection
MPRegen  0.17/turn              A - +5 ring of evasion

@: berserking, very quick
A: large, unfitting armour, claws 3, fast metabolism 3, gourmand, regeneration
1, shaggy fur 1, tough skin 3
a: Draw Escape, Draw Destruction, Draw Summoning, Draw Stack, Triple Draw, Deal
Four, Stack Five, Renounce Religion


You were on level 5 of the Lair of Beasts.
You worshipped Nemelex Xobeh.
Nemelex Xobeh was exalted by your worship.
You were completely stuffed.

You visited 2 branches of the dungeon, and saw 15 of its levels.

You collected 860 gold pieces.

Inventory:

Hand Weapons
 b - a +1 scimitar of flaming
Missiles
 u - a throwing net (quivered)
Armour
 w - a +0 crystal plate armour
 F - a +0 troll leather armour (worn)
 I - a +2 shield of reflection (worn)
Jewellery
 n - an uncursed ring of see invisible
 s - an uncursed ring of resist corrosion
 A - a +5 ring of evasion (right claw)
 C - an uncursed ring of ice
 J - an uncursed ring of protection from fire
 M - a +3 ring of protection (left claw)
Wands
 i - a wand of digging (5)
 x - a wand of acid (15)
 z - a wand of disintegration (17)
 B - a wand of iceblast (7)
 P - a wand of polymorph (7)
 R - a wand of random effects (18)
Scrolls
 c - 2 scrolls of blinking {unknown}
 f - 12 scrolls of teleportation
 g - 3 scrolls of remove curse
 l - 2 scrolls of immolation {unknown}
 m - a scroll of noise {unknown}
 q - 2 scrolls of enchant armour {unknown}
 v - a scroll of acquirement {unknown}
 y - 6 scrolls of amnesia {unknown}
 H - a scroll of fear {unknown}
 L - a scroll of summoning {unknown}
 N - a scroll of random uselessness {unknown}
 Q - a scroll of magic mapping {unknown}
Potions
 a - 2 potions of agility
 e - 2 potions of might {unknown}
 h - a potion of brilliance
 j - a potion of cancellation
 k - 6 potions of curing
 o - 2 potions of lignification {unknown}
 p - 2 potions of flight {unknown}
 r - a potion of berserk rage
 t - 2 potions of ambrosia {unknown}
 D - a potion of resistance
 E - 2 potions of mutation
 K - 2 potions of heal wounds {unknown}
Miscellaneous
 G - a phial of floods
Comestibles
 d - 39 rations
 O - 2 chunks of flesh


   Skills:
 + Level 7.7 Fighting
 - Level 2.4 Dodging
 - Level 1.0 Stealth
 - Level 9.0 Shields
 + Level 12.3 Unarmed Combat
 + Level 12.3 Invocations


You had 12 spell levels left.
You didn't know any spells.
Your spell library contained the following spells:

 Spells                   Type           Power        Failure   Level  Hunger
 Animate Skeleton         Necr           N/A          50%         1    ##.....
 Apportation              Tloc           #.....       50%         1    ##.....
 Confusing Touch          Hex            #.....       50%         1    ##.....
 Sandblast                Erth           #.....       50%         1    ##.....
 Summon Butterflies       Summ           #.......     50%         1    ##.....
 Summon Small Mammal      Summ           #...         50%         1    ##.....
 Passwall                 Tmut/Erth      #.......     63%         2    ###....
 Call Canine Familiar     Summ           #.......     86%         3    ####...
 Confuse                  Hex            #.......     86%         3    ####...
 Gell's Gravitas          Tloc           #.........   86%         3    ####...
 Stone Arrow              Conj/Erth      #.....       86%         3    ####...
 Petrify                  Tmut/Erth      #.......     99%         4    #####..
 Summon Ice Beast         Ice/Summ       #.......     99%         4    #####..
 Lee's Rapid Deconstruct  Erth           #.........   100%        5    ######.
 Metabolic Englaciation   Hex/Ice        #.........   100%        5    ######.
 Summon Mana Viper        Hex/Summ       #.......     100%        5    ######.
 Yara's Violent Unravell  Hex/Tmut       #.........   100%        5    ######.
 Summon Hydra             Summ           #.........   100%        7    #######


Dungeon Overview and Level Annotations

Branches:
Dungeon (10/15)            Temple (0/1) D:5            Lair (5/6) D:10
  Swamp (0/4) Lair:4       Spider (0/4) Lair:4        Slime (0/5) Lair:5
    Orc: D:9-12

Altars:
Ashenzari
Cheibriados
Elyvilon
Fedhas
Nemelex Xobeh
Ru
Sif Muna
Trog
Xom
Yredelemnul
The Shining One
Jiyva

Annotations:
D:8 1 runed translucent door
Lair:4 exclusion: 2 oklob plants


Innate Abilities, Weirdness & Mutations

You are too large for most types of armour.
You have claws for hands.
Your metabolism is lightning-fast.
You like to eat raw meat.
Your natural rate of healing is unusually fast.
You are covered in fur. (AC +1)
You have extremely tough skin. (AC +3)


Message History

You scratch the fire crab.
The fire crab is severely wounded.
The lindwurm breathes flames at you. The blast of flame hits you!!
* * * LOW HITPOINT WARNING * * *
You eviscerate the fire crab!!!
You kill the fire crab!
You completely miss the lindwurm. The lindwurm bites you!
* * * LOW HITPOINT WARNING * * *
The lindwurm claws you!
* * * LOW HITPOINT WARNING * * *
The lindwurm claws you but does no damage.
You claw the lindwurm!
The lindwurm is moderately wounded.
You barely miss the lindwurm.
The lindwurm is moderately wounded.
You block the lindwurm's attack. The lindwurm closely misses you.
The lindwurm claws you.
You die...
Your body glows with a rainbow of weird colours and disappears.

####...##..####.P.+#..PP.##.##
###....#### ###..##########
#.....#.### #...P
###.#......## ....###
.....#.P..+.######P....##
........÷.......# ...P.
................## .....
.................# ......
............P#..@##......
................k.h......
............##...........
.#+..#....#####..#..r....
##....##### ######PF...
#.....### ..... ##.#÷....###
.P$# #.#.##.....# ...
...÷.......P .


You could see a lindwurm, a polar bear, a bullfrog and a porcupine.

Vanquished Creatures
  A hydra (Lair:3)
  Erica (D:10)
  A deep troll earth mage (D:9)
  A fire crab (Lair:5)
  A swamp dragon (Lair:4)
  A lindwurm (Lair:5)
  A wolf spider (Lair:4)
  A black mamba (Lair:5)
  10 elephants
  Psyche (D:10)
  A gargoyle (D:10)
  8 spiny frogs
  2 komodo dragons
  A rime drake (Lair:4)
  2 trolls (D:10)
  Grinder (D:3)
  2 jumping spiders (Lair:4)
  Prince Ribbit (Lair:2)
  6 hippogriffs
  26 blink frogs
  Sigmund (D:3)
  A redback (Lair:4)
  24 yaks
  2 wyverns
  A hungry ghost (D:9)
  7 water moccasins
  9 porcupines
  3 orc warriors
  3 sky beasts
  A phantom (D:7)
  An ice beast (D:5)
  A necrophage (D:9)
  3 black bears
  4 ogres
  4 wolves
  3 centaurs
  10 crocodiles
  A wyvern zombie (D:10)
  6 bullfrogs
  10 killer bees
  2 scorpions
  5 howler monkeys
  3 electric eels (D:10)
  6 crimson imps
  3 centaur zombies
  2 bullfrog zombies
  A quasit (D:7)
  10 hounds
  A centaur skeleton (D:8)
  6 orc priests
  6 jellies
  9 orc wizards
  A gnoll shaman (D:6)
  6 iguanas
  6 worker ants
  2 hound zombies
  A hound skeleton (D:7)
  A howler monkey skeleton (D:9)
  4 gnolls
  7 adders
  2 shadow imps
  2 oozes (D:5)
  2 adder skeletons
  5 worms
  5 dart slugs
  6 leopard geckos
  34 orcs
  2 giant cockroaches
  6 goblins
  2 hobgoblins (D:2)
  17 jackals
  4 kobolds
  2 quokkas
  A ball python (D:2)
  6 bats
  4 frilled lizards
  A jackal skeleton (D:5)
  2 quokka zombies
  3 rats
  A fire vortex (D:9)
353 creatures vanquished.

Vanquished Creatures (collateral kills)
  A hydra (D:9)
  A troll (D:8)
  A blink frog (Lair:2)
  A wolf (Lair:2)
  A crocodile (Lair:2)
5 creatures vanquished.

Vanquished Creatures (others)
  3 fungi
  A plant (Lair:4)
4 creatures vanquished.

Grand Total: 362 creatures vanquished

Notes
Turn   | Place    | Note
-------+----------+-------------------------------------------
     0 | D:1      | chequers the Troll Monk began the quest for the Orb.
     0 | D:1      | Reached XP level 1. HP: 22/22 MP: 0/0
   564 | D:1      | Reached XP level 2. HP: 29/29 MP: 1/1
   754 | D:2      | Noticed an ogre
   759 | D:2      | Killed an ogre
   759 | D:2      | Reached skill level 5 in Unarmed Combat
   759 | D:2      | Reached XP level 3. HP: 36/36 MP: 2/2
   759 | D:2      | Reached XP level 4. HP: 44/44 MP: 3/3
   828 | D:2      | Found a shimmering altar of Xom.
  1002 | D:2      | Found a shimmering altar of Xom.
  1002 | D:2      | Found a shimmering altar of Xom.
  1003 | D:2      | Found a shimmering altar of Xom.
  1275 | D:2      | Found a blossoming altar of Fedhas.
  1405 | D:3      | Noticed Grinder
  1457 | D:3      | Reached XP level 5. HP: 47/50 MP: 4/4
  1560 | D:3      | Killed Grinder
  1560 | D:3      | Reached XP level 6. HP: 13/59 MP: 5/5
  1828 | D:3      | Noticed Sigmund
  1944 | D:3      | Killed Sigmund
  1944 | D:3      | Reached XP level 7. HP: 56/66 MP: 6/6
  2189 | D:3      | Found a snail-covered altar of Cheibriados.
  2300 | D:4      | Found a basalt altar of Yredelemnul.
  2340 | D:4      | Found a shattered altar of Ashenzari.
  2920 | D:5      | Entered Level 5 of the Dungeon
  3006 | D:5      | Reached XP level 8. HP: 59/74 MP: 7/7
  3250 | D:5      | Reached skill level 10 in Unarmed Combat
  3304 | D:5      | Found a sparkling altar of Nemelex Xobeh.
  3312 | D:5      | Became a worshipper of Nemelex Xobeh the Trickster
  3312 | D:5      | Received a gift from Nemelex Xobeh
  3312 | D:5      | Reached * piety under Nemelex Xobeh
  3312 | D:5      | Received a gift from Nemelex Xobeh
  3312 | D:5      | Reached ** piety under Nemelex Xobeh
  3423 | D:5      | Found a staircase to the Ecumenical Temple.
  3552 | D:6      | Reached skill level 1 in Invocations
  3915 | D:6      | Found a deep blue altar of Sif Muna.
  3995 | D:6      | Found a sacrificial altar of Ru.
  4567 | D:7      | Found a glowing golden altar of the Shining One.
  4583 | D:7      | Reached XP level 9. HP: 83/83 MP: 10/10
  4666 | D:7      | Received a gift from Nemelex Xobeh
  4788 | D:7      | Found a bloodstained altar of Trog.
  5320 | D:8      | Found a runed translucent door.
  5324 | D:8      | Noticed a sixfirhy
  5385 | D:8      | Received a gift from Nemelex Xobeh
  5540 | D:8      | Reached *** piety under Nemelex Xobeh
  5886 | D:9      | Noticed a troll
  5912 | D:8      | HP: 1/85 [troll (9)]
  5917 | D:8      | Killed a troll
  6102 | D:8      | Reached skill level 5 in Fighting
  6118 | D:8      | Reached skill level 5 in Invocations
  6435 | D:9      | Reached XP level 10. HP: 24/96 MP: 11/13
  6522 | D:9      | Found a white marble altar of Elyvilon.
  6590 | D:9      | Noticed a deep troll earth mage
  6593 | D:9      | Noticed a four-headed hydra
  6610 | D:9      | Killed a four-headed hydra
  6615 | D:9      | Killed a deep troll earth mage
  6928 | D:9      | Received a gift from Nemelex Xobeh
  6950 | D:9      | Reached **** piety under Nemelex Xobeh
  7121 | D:10     | Entered Level 10 of the Dungeon
  7194 | D:10     | Noticed a gargoyle
  7203 | D:10     | Killed a gargoyle
  7242 | D:10     | Found a staircase to the Lair.
  7615 | D:10     | Noticed Psyche
  7621 | D:10     | Killed Psyche
  7621 | D:10     | Reached skill level 1 in Shields
  7770 | D:10     | Reached XP level 11. HP: 94/109 MP: 15/15
  8014 | D:10     | Received a gift from Nemelex Xobeh
  8047 | D:10     | Noticed Erica
  8058 | D:10     | Killed Erica
  8139 | D:10     | Found a glowing golden altar of the Shining One.
  8278 | Lair:1   | Entered Level 1 of the Lair of Beasts
  8827 | Lair:1   | Reached skill level 5 in Shields
  8914 | Lair:1   | Received a gift from Nemelex Xobeh
  9330 | Lair:1   | Reached ***** piety under Nemelex Xobeh
  9442 | Lair:2   | Reached skill level 10 in Invocations
  9660 | Lair:2   | Received a gift from Nemelex Xobeh
  9685 | Lair:2   | Noticed Prince Ribbit
  9701 | Lair:2   | Reached XP level 12. HP: 99/118 MP: 18/18
  9918 | Lair:2   | Killed Prince Ribbit
 10087 | Lair:2   | Received a gift from Nemelex Xobeh
 10596 | Lair:3   | Received a gift from Nemelex Xobeh
 10805 | Lair:3   | Received a gift from Nemelex Xobeh
 10960 | Lair:3   | Noticed a seven-headed hydra
 10963 | Lair:3   | Killed a seven-headed hydra
 11159 | Lair:3   | Received a gift from Nemelex Xobeh
 11821 | Lair:4   | Received a gift from Nemelex Xobeh
 12112 | Lair:4   | Received a gift from Nemelex Xobeh
 12115 | Lair:4   | Found a staircase to the Swamp.
 12358 | Lair:4   | Reached ****** piety under Nemelex Xobeh
 12372 | Lair:4   | Received a gift from Nemelex Xobeh
 12574 | Lair:4   | Found a hole to the Spider Nest.
 13111 | Lair:5   | Reached XP level 13. HP: 110/124 MP: 21/21
 13161 | Lair:5   | Found a viscous altar of Jiyva.
 13162 | Lair:5   | Found a staircase to the Slime Pits.
 13226 | Lair:5   | Received a gift from Nemelex Xobeh
 13500 | Lair:5   | HP: 1/190 [lindwurm (9)]
 13502 | Lair:5   | Slain by a lindwurm

Skill      XL: |  1  2  3  4  5  6  7  8  9 10 11 12 13 |
---------------+----------------------------------------+-----
Unarmed Combat | 5 7 8 9 11 12 | 12.3
Invocations    | 3 5 7 10 12 | 12.3
Fighting       | 3 5 7 |  7.7
Shields        | 1 6 8 9 |  9.0
Dodging        | |  2.4
Stealth        | |  1.0

Action                   |  1- 3 |  4- 6 |  7- 9 | 10-12 | 13-15 || total
-------------------------+-------+-------+-------+-------+-------++-------
Melee: Unarmed           |    19 |    98 |   328 |   667 |   104 ||  1216
       Punch             |       |     1 |    17 |     5 |       ||    23
Invok: Stack Five        |       |       |       |     1 |       ||     1
 Abil: Draw Summoning    |       |       |     1 |     2 |       ||     3
       Draw Escape       |       |       |     1 |       |       ||     1
       Draw Destruction  |       |       |       |    13 |       ||    13
       Draw Stack        |       |       |       |     1 |       ||     1
  Use: Scroll            |       |       |       |    12 |       ||    12
       Potion            |       |       |       |     2 |     1 ||     3
 Stab: Sleeping          |     2 |     2 |     4 |     1 |       ||     9
       Distracted        |       |       |       |     2 |       ||     2
  Eat: Chunk             |     3 |    20 |    41 |    62 |     5 ||   131
Armor: Robe              |     4 |    26 |    58 |       |       ||    88
       Troll leather arm |       |       |    16 |   153 |    11 ||   180
Dodge: Dodged            |    13 |    36 |   184 |   348 |    40 ||   621
Block: Shield            |       |       |       |   413 |    51 ||   464
       Reflection        |       |       |       |     1 |       ||     1
